 Dungeon Crawl Stone Soup version 0.27.1-1-g398f81649c (webtiles) character file.

Game seed: 6818588336650264886

1992 acemry the Transmogrifier (level 9, -3/53 HPs)
             Began as an Octopode Transmuter on Sept 5, 2021.
             Slain by a two-headed ogre (19 damage)
             ... on level 9 of the Dungeon.
             The game lasted 00:15:52 (8926 turns).

acemry the Transmogrifier (Octopode Transmuter)     Turns: 8926, Time: 00:15:53

Health: -3/53      AC:  6    Str: 10    XL:     9   Next: 21%
Magic:  21/21      EV: 19    Int: 18    God:
Gold:   395        SH:  0    Dex: 17    Spells: 4/12 levels left

rFire    + . .     SeeInvis .     - Unarmed
rCold    + . .     Faith    .   (shield currently unavailable)
rNeg     . . .     Spirit   .   (helmet currently unavailable)
rPois    x         Reflect  .   f - amulet of magic regeneration
rElec    .         Harm     .   l - +4 ring of slaying
rCorr    .         Rampage  .   k - ring of magical power
Will     +....                  o - +4 ring of protection
Stlth    ++........             n - ring of protection from cold
HPRegen  0.17/turn              r - ring of willpower
MPRegen  0.42/turn              u - ring of protection from fire
                                (no ring)
                                (no ring)

@: spider-form
A: venomous fangs, almost no armour, (amphibious), 8 rings, tiny, (camouflage
1), (gelatinous body 1), (nimble swimmer 1), (tentacles)
a: End Transformation


You were on level 9 of the Dungeon.
You were a venomous arachnid creature.
You visited 1 branch of the dungeon, and saw 8 of its levels.

You collected 955 gold pieces.
You spent 560 gold pieces at shops.

Inventory:

Missiles
 a - 18 poisoned darts
Magical Staves
 h - a staff of cold
Jewellery
 f - an amulet of magic regeneration (around neck)
 k - a ring of magical power (right front leg)
 l - a +4 ring of slaying (left front leg)
 n - a ring of protection from cold (on tentacle)
 o - a +4 ring of protection (on tentacle)
 r - a ring of willpower (on tentacle)
 u - a ring of protection from fire (on tentacle)
Scrolls
 m - 2 scrolls of amnesia
 q - a scroll of magic mapping
 v - a scroll of teleportation
Potions
 b - a potion of invisibility
 c - a potion of might
 d - a potion of heal wounds {unknown}
 e - 2 potions of haste {unknown}
 g - 3 potions of curing
 i - a potion of degeneration {unknown}
 j - a potion of lignification {unknown}
 p - a potion of brilliance {unknown}
 s - 2 potions of attraction
 t - a potion of flight {unknown}
 z - a potion of ambrosia {unknown}


   Skills:
 - Level 1.0 Fighting
 - Level 1.0 Throwing
 - Level 2.0 Dodging
 - Level 3.0 Unarmed Combat
 - Level 2.0 Spellcasting
 + Level 11.6 Transmutations
 - Level 0.7 Poison Magic


You had 4 spell levels left.
You knew the following spells:

 Your Spells              Type           Power      Damage    Failure   Level
a - Beastly Appendage     Tmut           86%        N/A       1%          1
b - Spider Form           Tmut/Pois      12%        N/A       13%         3
c - Ice Form              Ice/Tmut       22%        N/A       36%         4

Your spell library contained the following spells:

 Spells                   Type           Power      Damage    Failure   Level
 Wereblood                Tmut           43%        N/A       2%          2
 Sublimation of Blood     Necr           0%         N/A       47%         2
 Summon Hydra             Summ           0%         N/A       100%        7


Dungeon Overview and Level Annotations

Branches:
Dungeon (9/15)
 Temple: D:4-7         Lair: D:8-11         Orc: D:9-12

Altars:
Xom

Shops:
D:1 =   D:4 (

Annotations:
D:6 3 runed translucent doors, MasterNub's ghost, novice DsBe; rogsnak's ghost, novice DrFE
D:7 1 runed translucent door, Crazy Yiuf
D:8 1 runed translucent door, RatsInWalls's ghost, novice OpFE


Innate Abilities, Weirdness & Mutations

You are a venomous arachnid creature.
You have poisonous fangs.
You are tiny and dextrous.
Your spellcasting is less reliable in this form.
Your armour is entirely melded.
You are incapable of wielding weapons or throwing items.
You cannot wear most types of armour.
((You are amphibious.))
You can wear up to eight rings at the same time.
((Your skin changes colour to match your surroundings (Stealth+).))
((Your rubbery body absorbs attacks. (AC +1, EV +1)))
((You are camouflaged near water. (Stealth+)))
((You have tentacles for arms and can constrict up to eight enemies at once.))


Message History

Throw: 19 darts (poison)
Press: ? - help, Shift-Dir - straight line, f/p - two-headed ogre
Aim: a two-headed ogre, wielding two +0 giant clubs (poisoned, 76% to hit)
You throw a poisoned dart.
The poisoned dart hits the two-headed ogre.
The two-headed ogre looks even sicker.
Casting: Spider Form (dangerous; 4% risk of failure)
Confirm with . or Enter, or press ? or * to list all spells.
You turn into a venomous arachnid creature.
You hit the two-headed ogre.
The two-headed ogre looks as sick as possible!
The two-headed ogre is lightly wounded.
The two-headed ogre closely misses you.
The two-headed ogre completely misses you.
You bite the two-headed ogre!
The two-headed ogre is lightly wounded.
You hit the two-headed ogre.
The two-headed ogre is moderately wounded.
The two-headed ogre misses you. x2
You hit the two-headed ogre but do no damage.
The two-headed ogre looks as sick as possible!
The two-headed ogre is moderately wounded.
The two-headed ogre closely misses you.
The two-headed ogre hits you with a +0 giant club!!
You hit the two-headed ogre but do no damage.
The two-headed ogre looks as sick as possible!
The two-headed ogre is moderately wounded.
You hit the two-headed ogre but do no damage.
The two-headed ogre is moderately wounded.
The two-headed ogre barely misses you. The two-headed ogre misses you.
You hit the two-headed ogre.
The two-headed ogre looks as sick as possible!
The two-headed ogre is moderately wounded.
The two-headed ogre hits you with a +0 giant club!
The two-headed ogre completely misses you.
You hit the two-headed ogre.
The two-headed ogre looks as sick as possible!
The two-headed ogre is heavily wounded.
The two-headed ogre hits you with a +0 giant club!!
You die...

............#
...#....###.#
#....# #.#
#....# #.#
#....###.#
###
#........#
....
#......<.#
#..#####....#
#.(..###s...#
#.((..O...(#
##..###....#
..... #....#
...####
#....# ..
#....# .
#....# ######


You could see a two-headed ogre (extremely poisoned).

Vanquished Creatures
  A wyvern (D:6)
  A steam dragon (D:7)
  A necrophage (D:6)
  An ogre (D:6)
  2 black bears (D:6)
  2 phantoms (D:6)
  2 centaurs
  A kobold brigand (D:7)
  3 bullfrogs (D:8)
  A scorpion (D:6)
  3 wights (D:6)
  4 howler monkeys
  A bullfrog zombie (D:7)
  An orc priest (D:6)
  2 hounds (D:7)
  2 jellies
  3 iguanas
  An orc wizard (D:6)
  A howler monkey zombie (D:8)
  4 gnolls (D:3)
  5 adders
  2 white imps
  A worm (D:2)
  4 orcs
  5 endoplasms
  3 giant cockroaches
  4 goblins
  4 hobgoblins
  8 kobolds
  A quokka (D:2)
  10 ball pythons
  4 bats
  7 frilled lizards
  3 rats
98 creatures vanquished.

Vanquished Creatures (others)
  2 withered plants (D:6)
2 creatures vanquished.

Grand Total: 100 creatures vanquished

Notes
Turn   | Place    | Note
-------+----------+-------------------------------------------
     0 | D:1      | acemry the Octopode Transmuter began the quest for the Orb.
     0 | D:1      | Reached XP level 1. HP: 13/13 MP: 3/3
    53 | D:1      | Found Bose's Jewellery Shop.
   356 | D:1      | Reached XP level 2. HP: 3/18 MP: 5/5
   902 | D:1      | Reached skill level 3 in Transmutations
  1361 | D:1      | Found a faded altar of an unknown god.
  1791 | D:2      | Reached XP level 3. HP: 10/23 MP: 4/6
  2954 | D:3      | Reached skill level 4 in Transmutations
  3266 | D:3      | Reached XP level 4. HP: 4/28 MP: 7/7
  4301 | D:3      | Reached skill level 5 in Transmutations
  4301 | D:3      | Reached XP level 5. HP: 30/33 MP: 8/8
  4336 | D:3      | Learned a level 3 spell: Spider Form
  4554 | D:4      | Identified a scroll of acquirement
  4554 | D:4      | Acquired 638 gold pieces
  4739 | D:1      | Bought a ring of magical power for 200 gold pieces
  4739 | D:1      | Bought a +4 ring of protection for 360 gold pieces
  5029 | D:4      | Noticed an ogre
  5080 | D:4      | Found Kosy's Weapon Boutique.
  5085 | D:4      | You fall into a shaft and drop 2 floors!
  5085 | D:6      | Noticed a wyvern
  5096 | D:6      | Killed a wyvern
  5097 | D:6      | Reached skill level 6 in Transmutations
  5097 | D:6      | Reached XP level 6. HP: 11/38 MP: 9/9
  5490 | D:6      | Noticed a black bear
  5490 | D:6      | Noticed a black bear
  5510 | D:6      | Killed a black bear
  5511 | D:6      | Reached skill level 7 in Transmutations
  5515 | D:6      | Killed a black bear
  5516 | D:6      | Reached XP level 7. HP: 33/43 MP: 10/10
  5715 | D:6      | Reached skill level 8 in Transmutations
  5874 | D:6      | Reached skill level 1 in Throwing
  5890 | D:6      | Learned a level 4 spell: Ice Form
  5938 | D:6      | Reached XP level 8. HP: 41/48 MP: 11/11
  6015 | D:6      | Reached skill level 9 in Transmutations
  6608 | D:6      | Found a runed translucent gate.
  6609 | D:6      | Found a runed translucent gate.
  6609 | D:6      | Found a runed translucent gate.
  6610 | D:6      | Noticed rogsnak's ghost (novice DrFE)
  6611 | D:6      | Noticed MasterNub's ghost (novice DsBe)
  6974 | D:7      | Found a runed translucent door.
  6975 | D:7      | Noticed Crazy Yiuf
  7042 | D:7      | Reached skill level 10 in Transmutations
  8219 | D:8      | Found a runed translucent door.
  8233 | D:8      | Found a shimmering altar of Xom.
  8233 | D:8      | Noticed RatsInWalls's ghost (novice OpFE)
  8234 | D:8      | Noticed a +1 trident of chaos
  8249 | D:8      | Reached skill level 11 in Transmutations
  8249 | D:8      | Reached XP level 9. HP: 53/53 MP: 12/12
  8867 | D:9      | Noticed a two-headed ogre
  8926 | D:9      | Slain by a two-headed ogre

Illustrated notes

Levels and vault maps discovered:
D:1:      minmay_arrival_doors, layout_basic, chequers_ecumenical_altar_grove,
          serial_shops, shop
D:2:      layout_loops_ring, grunt_decor_fettered
D:3:      layout_rooms
D:4:      layout_basic, ashenzari_conservatory_becter, serial_shops, shop,
          interstate_on_off
D:6:      layout_basic, gammafunk_ghost_cemetery
D:7:      layout_loops_ring, uniq_crazy_yiuf_cottage
D:8:      layout_cave_pools, ebering_ghost_xom
D:9:      layout_rooms, mainiacjoe_overflow_tiny_flanked,
          grunt_temple_overflow_open, erik_lair_orcish_takeover, orc_0_dummy,
          serial_bayou_pond_b

Skill      XL: |  1  2  3  4  5  6  7  8 |
---------------+-------------------------+-----
Transmutations | 3 4 5 6 7 8 11 | 11.6
Throwing       | 1 |  1.0
Fighting       | |  1.0
Dodging        | |  2.0
Unarmed Combat | |  3.0
Spellcasting   | |  2.0
Poison Magic   | |  0.7

Action                   |  1- 3 |  4- 6 |  7- 9 || total
-------------------------+-------+-------+-------++-------
Melee: Unarmed           |    89 |    55 |   187 ||   331
       Constrict         |    21 |     7 |       ||    28
       Tentacles         |     8 |    10 |       ||    18
       Kick              |    21 |    11 |       ||    32
Throw: Dart              |       |     3 |     3 ||     6
 Cast: Beastly Appendage |    34 |    13 |       ||    47
       Spider Form       |       |     1 |    29 ||    30
  Use: Scroll            |       |     6 |     6 ||    12
 Stab: Sleeping          |    10 |     1 |     1 ||    12
Armor: Skin              |     9 |     8 |    30 ||    47
Dodge: Dodged            |    44 |    51 |   153 ||   248
